 Dungeon Crawl Stone Soup version 0.27-a0-965-gbf8bb431c4 (webtiles) character file.

Game seed: 11070284022770263141

4 spiderkeys the Conjurer (level 1, -2/11 HPs)
             Began as an Octopode Conjurer on Apr 12, 2021.
             Killed by Freeze
             ... generated by an endoplasm
              (5 damage)
             ... on level 1 of the Dungeon.
             The game lasted 00:00:26 (163 turns).

spiderkeys the Conjurer (Octopode Conjurer)          Turns: 163, Time: 00:00:26

Health: -2/11      AC:  1    Str:  6    XL:     1   Next: 70%
Magic:  0/3        EV: 13    Int: 20    God:
Gold:   11         SH:  0    Dex: 10    Spells: 3/4 levels left

rFire    . . .     SeeInvis .   (no weapon)
rCold    . . .     Faith    .   (no shield)
rNeg     . . .     Spirit   .   (helmet restricted)
rPois    .         Reflect  .   (no amulet)
rElec    .         Harm     .   (no ring)
rCorr    .         Rampage  .   (no ring)
Will     .....                  (no ring)
Stlth    +++.......             (no ring)
HPRegen  0.03/turn              (no ring)
MPRegen  0.08/turn              (no ring)
                                (no ring)
                                (no ring)

@: no status effects
A: almost no armour, amphibious, 8 rings, camouflage 1, gelatinous body 1,
(nimble swimmer 1), tentacles
a: no special abilities


You were on level 1 of the Dungeon.
You visited 1 branch of the dungeon, and saw 1 of its levels.

You collected 11 gold pieces.

Inventory:

Scrolls
 b - a scroll of silence {unknown}
Potions
 a - a potion of heal wounds {unknown}


   Skills:
 + Level 0.2 Fighting
 + Level 2.1 Dodging
 - Level 2.6 Stealth
 + Level 2.0 Spellcasting
 * Level 4.1 Conjurations


You had 3 spell levels left.
You knew the following spells:

 Your Spells              Type           Power      Damage    Failure   Level
a - Magic Dart            Conj           72%        1d6       3%          1

Your spell library contained the following spells:

 Spells                   Type           Power      Damage    Failure   Level
 Searing Ray              Conj           36%        3d4       4%          2
 Dazzling Flash           Conj/Hex       20%        N/A       21%         3
 Fulminant Prism          Conj/Hex       5%         3d7       56%         4
 Iskenderun's Mystic Bla  Conj/Tloc      10%        2d4       56%         4


Dungeon Overview and Level Annotations

Branches:
Dungeon (1/15)

Altars:


Innate Abilities, Weirdness & Mutations

You cannot wear most types of armour.
You are amphibious.
You can wear up to eight rings at the same time.
Your skin changes colour to match your surroundings (Stealth+).
Your rubbery body absorbs attacks. (AC +1, EV +1)
((You are camouflaged near water. (Stealth+)))
You have tentacles for arms and can constrict up to eight enemies at once.


Message History

The kobold hits you with a +0 dagger.
You are too injured to fight recklessly!
You are too injured to fight recklessly!
You are too injured to fight recklessly!
There are monsters nearby!
You are too injured to fight recklessly!
You closely miss the kobold. Your grab misses the kobold.
The kobold is severely wounded.
The kobold hits you with a +0 dagger.
* * * LOW HITPOINT WARNING * * *
You tentacle-slap the kobold but do no damage.
Your grab misses the kobold.
The kobold is severely wounded.
The kobold misses you.
You barely miss the kobold. Your grab misses the kobold.
The kobold is severely wounded.
The kobold misses you.
You barely miss the kobold. You grab the kobold.
The kobold is severely wounded.
You constrict the kobold, but do no damage.
The kobold closely misses you.
You tentacle-slap the kobold but do no damage.
The kobold is severely wounded.
You constrict the kobold.
You kill the kobold!
You are too injured to fight recklessly!
Casting: Magic Dart (safe; 3% risk of failure)
Confirm with . or Enter, or press ? or * to list all spells.
Aiming: Magic Dart (safe; 3% risk of failure)
Press: ? - help, Shift-Dir - straight line, f - endoplasm
Aim: an endoplasm (0% to evade)
The magic dart hits the endoplasm.
The endoplasm is severely wounded.
The endoplasm misses you.
You are too injured to fight recklessly!
You tentacle-slap the endoplasm but do no damage.
The endoplasm is severely wounded.
The endoplasm freezes you.
You are frozen.
You die...

######### #...)...# #
#.#####.# #.##
#.#####.#### .....
#.##.@J....####......
#.##.##.##....).#
#.##.##.#######.#
#.......# # ##..(####
#.### #.# .....PP.
#.# ###...P... #.#
#...⌠.P..)


You could see an endoplasm.

Vanquished Creatures
  An endoplasm (D:1)
  2 kobolds (D:1)
  A ball python (D:1)
4 creatures vanquished.

Notes
Turn   | Place    | Note
-------+----------+-------------------------------------------
     0 | D:1      | spiderkeys the Octopode Conjurer began the quest for the
                  | Orb.
     0 | D:1      | Reached XP level 1. HP: 11/11 MP: 3/3
    46 | D:1      | Found a faded altar of an unknown god.
   163 | D:1      | Killed from afar by an endoplasm

Illustrated notes

Levels and vault maps discovered:
D:1:      onia_arrival_pyramid, layout_loops_cross,
          shapermc_ecumenical_altar_mp_ritualfount

Action                   || total
-------------------------++-------
Melee: Unarmed           ||     7
       Constrict         ||     1
 Cast: Magic Dart        ||     8
Dodge: Dodged            ||     4

Table legend: (Time is in decaauts)
 A = Elapsed time spent in this place.
 B = Non-inter-level travel time spent in this place.
 C = Inter-level travel time spent in this place.
 D = Time resting spent in this place.
 E = Time spent auto-exploring this place.
 F = Levels seen in this place.
 G = Mean time per level.
                   A        B        C        D        E       F      G
               +--------+--------+--------+--------+--------+-----+--------+
         Total |    163 |    163 |      0 |      0 |    132 |   1 |  163.0 |
       Dungeon |    163 |    163 |      0 |      0 |    132 |   1 |  163.0 |
               +--------+--------+--------+--------+--------+-----+--------+

Top non-repeatable levels by time:
     D:1: 163 daAuts
